Map: Abyssal Reef LE

Players

Bly - Winner!

  • Race: Zerg Zerg
  • Spawn Location: 5:00

Awers (Hades)

  • Race: Terran Terran
  • Spawn Location: 11:00

Event: WCS Jonkoping 2017

VOD

Have the link to the VOD?

Description

Time

  • Played on: June 17, 2017, 7:47 a.m.
  • Length: 10:24

All games in this series

Show
View Real Time Build Order
Export as new Build Order

Bly Zerg - Winner!

Build Orders: Hatch First, Swarm Host 

Get SALT Encoding   

  12  0:01  Drone  
  13  0:12  Overlord  
  13  0:17  Drone  
  14  0:30  Drone x2  
  14  0:35  Drone  
  17  0:53  Hatchery  
  17  0:56  Drone  
  17  0:59  Drone  
  17  1:03  Extractor  
  17  1:14  Spawning Pool  
  17  1:16  Drone  
  17  1:20  Drone  
  18  1:30  Drone  
  19  1:38  Overlord  
  19  1:49  Drone  
  20  2:00  Queen  
  22  2:01  Zergling x2  
  22  2:04  Queen  
  22  2:05  Zergling x2  
  22  2:07  Metabolic Boost  
  26  2:11  Drone  
  27  2:15  Drone  
  27  2:22  Drone  
  29  2:28  Drone  
  30  2:32  Drone  
  31  2:38  Overlord  
  31  2:40  Queen  
  33  2:47  Drone  
  34  3:00  Hatchery  
  34  3:04  Drone x3  
  36  3:14  Drone x6  
  41  3:20  Overlord  
  41  3:23  Overlord  
  41  3:32  Zergling x4  
  43  3:40  Drone  
  43  3:41  Drone  
  45  3:46  Zergling x4  
  45  3:47  Zergling x6  
  50  3:56  Overlord  
  50  3:58  Queen  
  50  4:02  Lair  
  52  4:05  Zergling x4  
  52  4:06  Zergling x2  
  52  4:09  Overlord  
  55  4:19  Drone  
  55  4:20  Drone x4  
  55  4:21  Queen  
  62  4:27  Spore Crawler  
  62  4:28  Spore Crawler  
  60  4:33  Queen, Drone x2  
  60  4:34  Drone  
  65  4:40  Spore Crawler  
  65  4:42  Overlord  
  64  4:45  Overlord  
  64  4:46  Drone x2  
  64  4:47  Drone  
  67  4:56  Overlord  
  67  4:57  Drone x4  
  67  4:58  Drone  
  71  5:04  Overseer  
  71  5:06  Extractor, Drone x4  
  72  5:12  Zergling x8  
  75  5:17  Spire  
  74  5:23  Overlord  
  73  5:28  Drone x2  
  70  5:44  Drone x5  
  70  5:45  Extractor x2  
  70  5:47  Roach Warren, Drone x4  
  70  5:48  Drone x3  
  77  5:57  Extractor x2  
  75  6:06  Hatchery  
  75  6:08  Drone  
  75  6:12  Drone x5  
  80  6:26  Glial Reconstitution  
  80  6:27  Overlord  
  80  6:28  Overlord  
  79  6:33  Mutalisk x4  
  79  6:36  Mutalisk  
  89  6:40  Drone x3  
  89  6:41  Drone x3  
  95  6:55  Mutalisk x3  
  95  6:57  Drone x4  
  95  6:58  Drone  
  95  7:01  Overlord  
  106  7:03  Infestation Pit, Overlord  
  105  7:10  Overlord  
  104  7:18  Drone x3  
  106  7:28  Evolution Chamber  
  101  7:37  Spore Crawler  
  101  7:39  Roach x5  
  101  7:40  Roach x8  
  101  7:41  Hive  
  126  7:50  Extractor x2  
  124  7:53  Roach x2  
  124  7:54  Roach, Zerg Missile Weapons Level 1  
  124  7:57  Hydralisk Den  
  127  7:59  Hatchery  
  127  8:04  Drone x2  
  128  8:11  Overlord x5  
  128  8:12  Overlord x2  
  128  8:17  Hatchery  
  127  8:22  Swarm Host x5  
  127  8:26  Overseer  
  142  8:29  Muscular Augments  
  142  8:31  Drone x5  
  147  8:48  Hydralisk x4  
  147  8:52  Viper x2  
  161  9:00  Viper  
  164  9:04  Evolution Chamber  
  164  9:06  Hydralisk x4  
  164  9:08  Overlord  
  171  9:35  Hydralisk x12  
  195  9:57  Hydralisk x2  
Show
View Real Time Build Order
Export as new Build Order

Awers Terran 

Build Orders: Reaper Expand, Mech, Banshee Rush 

Get SALT Encoding   

  12  0:00  SCV  
  13  0:13  SCV  
  14  0:17  Supply Depot  
  14  0:25  SCV  
  14  0:27  Refinery  
  15  0:38  SCV  
  16  0:44  Barracks  
  16  0:51  SCV  
  17  1:03  SCV  
  18  1:15  SCV  
  19  1:31  Orbital Command, Reaper  
  20  1:44  Command Center  
  20  1:56  Factory  
  20  2:00  SCV  
  21  2:05  Barracks Reactor  
  21  2:09  Refinery  
  21  2:12  SCV  
  22  2:19  Supply Depot  
  22  2:24  SCV  
  23  2:41  SCV, Starport  
  24  2:48  Hellion x2  
  28  2:59  SCV  
  28  3:01  Barracks Tech Lab  
  28  3:06  Orbital Command  
  28  3:14  SCV  
  29  3:26  SCV  
  30  3:28  Hellion x2  
  30  3:33  SCV  
  35  3:36  Cloaking Field  
  35  3:42  Banshee  
  35  3:43  SCV  
  39  3:50  SCV  
  39  3:56  SCV  
  39  4:02  SCV, Widow Mine x2, Supply Depot  
  41  4:08  SCV  
  46  4:23  SCV  
  47  4:25  Supply Depot  
  47  4:26  SCV, Banshee  
  51  4:33  Command Center  
  51  4:35  SCV  
  51  4:38  SCV  
  53  4:43  Armory  
  53  4:47  SCV  
  53  4:50  Supply Depot  
  54  4:53  SCV  
  56  5:00  SCV  
  56  5:07  SCV  
  57  5:09  Banshee  
  57  5:10  Factory  
  57  5:11  Hellion, Factory  
  57  5:13  SCV  
  63  5:16  Hellion  
  63  5:20  Refinery  
  65  5:21  SCV  
  65  5:25  SCV  
  60  5:33  SCV  
  58  5:37  SCV  
  57  5:44  Hellion  
  57  5:45  SCV  
  57  5:56  SCV  
  58  6:01  Factory Tech Lab  
  58  6:03  SCV, Terran Vehicle Weapons Level 1  
  59  6:08  SCV  
  60  6:14  Thor  
  60  6:15  SCV  
  67  6:19  Orbital Command  
  67  6:23  SCV  
  66  6:27  SCV  
  66  6:30  Siege Tank  
  66  6:31  Refinery  
  70  6:35  SCV  
  70  6:39  SCV  
  72  6:43  Starport Reactor  
  72  6:47  SCV  
  72  6:48  SCV  
  72  6:50  Engineering Bay  
  72  6:52  SCV  
  75  6:55  Hellion x2  
  75  6:57  Factory, Refinery  
  75  6:59  SCV, Supply Depot  
  80  7:03  SCV  
  80  7:05  Siege Tank  
  84  7:13  Engineering Bay  
  84  7:17  SCV  
  84  7:20  Missile Turret  
  84  7:21  Missile Turret  
  81  7:24  Missile Turret  
  81  7:26  SCV  
  81  7:27  Thor  
  81  7:28  SCV  
  87  7:32  SCV  
  88  7:38  SCV  
  88  7:41  Supply Depot x2  
  89  7:45  SCV  
  89  7:49  SCV  
  89  7:51  SCV  
  92  7:58  SCV  
  93  8:01  Terran Vehicle Weapons Level 2  
  93  8:02  Thor  
  93  8:03  SCV  
  93  8:05  SCV  
  101  8:07  Cyclone  
  101  8:10  SCV  
  108  8:12  Cyclone  
  108  8:15  Hellion x5  
  108  8:19  SCV, Supply Depot x2  
  109  8:22  SCV  
  110  8:28  Cyclone, Viking  
  110  8:30  SCV  
  116  8:36  Supply Depot  
  116  8:39  Infernal Pre-Igniter  
  116  8:40  Cyclone  
  119  8:41  SCV  
  119  8:42  Refinery  
  119  8:43  SCV  
  119  8:51  Supply Depot  
  119  8:53  Cyclone  
  119  8:54  Hellion x2, SCV  
  127  8:58  Hellion  
  127  9:00  Hellion  
  131  9:03  SCV  
  131  9:05  SCV  
  133  9:13  Hellion  
  133  9:15  SCV, Orbital Command  
  133  9:16  Hellion  
  131  9:22  Siege Tank, Hellion x2  
  132  9:27  Hellion  
  132  9:36  SCV  
  137  10:11  Missile Turret  
  137  10:13  Refinery  
  132  10:15  Factory  
Tags
 
Add a new tag
Caveats
  • Supply blocks, unpowered buildings, or Contaminate may cause inaccurate times.
  • Supply counts are checked every 10 seconds.